 Dungeon Crawl Stone Soup version 0.27.0-1-g7a089689b8 (webtiles) character file.

Game seed: 992215198594750031

497 Malachi the Vexing (level 7, -1/32 HPs)
             Began as a Vine Stalker Enchanter on Aug 15, 2021.
             Was a Priest of Jiyva.
             Slain by an ice beast (6 damage)
             ... on level 5 of the Dungeon.
             The game lasted 00:08:43 (4047 turns).

Malachi the Vexing (Vine Stalker Enchanter)         Turns: 4047, Time: 00:08:44

Health: -1/32      AC:  6    Str: 10    XL:     7   Next: 16%
Magic:  0/11       EV: 12    Int: 17    God:    Jiyva [***...]
Gold:   125        SH:  0    Dex: 15    Spells: 1/10 levels left

rFire    . . .     SeeInvis .   n - +1 dagger (venom)
rCold    . . .     Faith    .   (no shield)
rNeg     . . .     Spirit   +   b - +0 robe
rPois    .         Reflect  .   (no helmet)
rElec    .         Harm     .   k - +0 cloak
rCorr    +         Rampage  .   (no gloves)
Will     .....                  g - +2 pair of boots
Stlth    +++.......             (no amulet)
HPRegen  1.10/turn              (no ring)
MPRegen  0.12/turn              (no ring)

@: about to teleport
A: fangs 2, regeneration 1, magic shield, antimagic bite, no potion heal 2
a: Renounce Religion, Request Jelly


You were on level 5 of the Dungeon.
You worshipped Jiyva.
Jiyva was most pleased with you.
You visited 1 branch of the dungeon, and saw 5 of its levels.

You collected 125 gold pieces.

Inventory:

Hand Weapons
 a - a +1 dagger
 n - a +1 dagger of venom (weapon)
Missiles
 e - 177 stones (quivered)
Armour
 b - a +0 robe (worn)
 g - a +2 pair of boots (worn)
 k - a +0 cloak (worn)
Jewellery
 f - a ring of willpower
Wands
 o - a wand of charming (9)
Potions
 c - a potion of haste {unknown}
 h - a potion of attraction {unknown}
 i - a potion of mutation {unknown}
 j - 4 potions of flight {unknown}
 l - 3 potions of lignification {unknown}
 m - a potion of brilliance {unknown}


   Skills:
 - Level 0.8 Short Blades
 - Level 1.6 Dodging
 - Level 3.9 Stealth
 - Level 2.3 Spellcasting
 * Level 7.1 Hexes
 * Level 2.9 Ice Magic


You had one spell level left.
You knew the following spells:

 Your Spells              Type           Power      Damage    Failure   Level
a - Corona                Hex            28%        N/A       1%          1
b - Ensorcelled Hibernat  Hex/Ice        38%        N/A       3%          2
c - Confusing Touch       Hex            26%        N/A       3%          3
d - Tukima's Dance        Hex            26%        N/A       3%          3

Your spell library contained the following spells:

 Spells                   Type           Power      Damage    Failure   Level
 Animate Skeleton         Necr           2%         N/A       19%         1
 Apportation              Tloc           2%         N/A       19%         1
 Summon Small Mammal      Summ           4%         N/A       19%         1
 Dazzling Flash           Conj/Hex       28%        N/A       13%         3
 Sublimation of Blood     Necr           0%         N/A       28%         2
 Wereblood                Tmut           1%         N/A       28%         2
 Summon Hydra             Summ           0%         N/A       100%        7


Dungeon Overview and Level Annotations

Branches:
Dungeon (5/15)
 Temple: D:4-7

Altars:
Ashenzari
Cheibriados
Dithmenos
Hepliaklqana
Makhleb
Qazlal
Sif Muna
Uskayaw
Wu Jian
Jiyva

Shops:
D:2 *

Annotations:
D:5 Menkaure


Innate Abilities, Weirdness & Mutations

You have extremely sharp teeth.
Your natural rate of healing is unusually fast.
When hurt, damage is shared between your health and your magic reserves.
Your bite disrupts and absorbs the magic of your enemies.
Potions cannot restore your health.


Message History

The adder is almost dead.
You kill the adder!
You hit the ice beast but do no damage. Your bite misses the ice beast.
The ice beast hits you but does no damage.
You hit the ice beast.
The ice beast is lightly wounded.
The ice beast hits you. The ice beast freezes you!
You barely miss the ice beast.
The ice beast is lightly wounded.
The ice beast barely misses you.
You hit the ice beast but do no damage.
The ice beast is lightly wounded.
The ice beast closely misses you.
You hit the ice beast but do no damage. Your bite misses the ice beast.
The ice beast is lightly wounded.
The ice beast closely misses you.
Casting: Ensorcelled Hibernation (safe; 3% risk of failure)
Confirm with . or Enter, or press ? or * to list all spells.
Your hands begin to glow red.
The ice beast hits you. The ice beast freezes you!
You hit the ice beast but do no damage.
The ice beast is lightly wounded.
The ice beast hits you. The ice beast freezes you!
You are too injured to fight recklessly!
You are too injured to fight recklessly!
There is a stone staircase leading up here.
As you read the scroll of teleportation, it crumbles to dust.
You feel strangely unstable.
You closely miss the ice beast.
The ice beast is lightly wounded.
Your hands stop glowing.
The ice beast hits you. The ice beast freezes you!
* * * LOW HITPOINT WARNING * * *
You hit the ice beast but do no damage.
You bite the ice beast, but do no damage.
The ice beast is lightly wounded.
The ice beast hits you.
* * * LOW HITPOINT WARNING * * *
The ice beast freezes you.
You die...

#.....## #
#.....## #..
#.....#....
#........#
###.....## .
###^.......#
###.....#.....#
###.....####.....
#@Y...### #....
####### .###. #
#. ... ... ...
###


You could see an ice beast.

Vanquished Creatures
  Grinder (D:3)
  A necrophage (D:3)
  An orc priest (D:4)
  2 orc wizards (D:4)
  Natasha (twice) (D:3)
  A howler monkey skeleton (D:4)
  3 adders
  2 worms (D:2)
  A dart slug (D:1)
  8 orcs
  8 ball pythons
  4 bats
  2 endoplasms (D:1)
  2 giant cockroaches
  10 goblins
  4 hobgoblins
  4 jackals (D:3)
  3 quokkas
  2 frilled lizards (D:1)
  4 kobolds
  3 rats
68 creatures vanquished.

Vanquished Creatures (others)
  2 jellies (D:3)
  Crazy Yiuf (D:3)
  Terence (D:3)
  Natasha (D:3)
  An orc (D:3)
  A bat (D:3)
  An endoplasm (D:4)
  A hobgoblin (D:2)
  2 ball pythons (D:3)
  A rat (D:3)
12 creatures vanquished.

Grand Total: 80 creatures vanquished

Notes
Turn   | Place    | Note
-------+----------+-------------------------------------------
     0 | D:1      | Malachi the Vine Stalker Enchanter began the quest for the
                  | Orb.
     0 | D:1      | Reached XP level 1. HP: 9/9 MP: 4/4
    80 | D:1      | Reached XP level 2. HP: 9/13 MP: 3/6
    83 | D:1      | Learned a level 2 spell: Ensorcelled Hibernation
   824 | D:1      | Reached XP level 3. HP: 13/16 MP: 4/7
   828 | D:1      | Learned a level 3 spell: Confusing Touch
  1134 | D:1      | Found a faded altar of an unknown god.
  1168 | D:1      | Became a worshipper of Jiyva Jyeteqy the Shapeless
  1168 | D:1      | Reached * piety under Jiyva
  1386 | D:2      | Found a snail-covered altar of Cheibriados.
  1420 | D:2      | Found Eluicvaj's General Store.
  1703 | D:2      | Reached skill level 4 in Hexes
  2137 | D:3      | Reached skill level 1 in Ice Magic
  2309 | D:3      | Killed Terence
  2324 | D:3      | Noticed Grinder
  2432 | D:3      | Noticed Natasha
  2437 | D:3      | Killed Natasha
  2438 | D:3      | Gained mutation: Your natural rate of healing is unusually
                  | fast. [Vine Stalker growth]
  2438 | D:3      | Reached XP level 4. HP: 21/21 MP: 8/8
  2703 | D:3      | Noticed Natasha
  2711 | D:3      | Killed Natasha
  2723 | D:3      | Killed Grinder
  2724 | D:3      | Reached skill level 6 in Hexes
  2724 | D:3      | Reached XP level 5. HP: 24/24 MP: 9/9
  2724 | D:3      | Reached XP level 6. HP: 28/28 MP: 10/10
  2887 | D:3      | Noticed a necrophage
  2891 | D:3      | Killed a necrophage
  3020 | D:3      | Found a broken altar of Ashenzari.
  3026 | D:3      | Found a burning altar of Makhleb.
  3031 | D:3      | Found a hazy altar of Hepliaklqana.
  3037 | D:3      | Found a stormy altar of Qazlal.
  3041 | D:3      | Found an ornate altar of the Wu Jian Council.
  3047 | D:3      | Found a hide-covered altar of Uskayaw.
  3051 | D:3      | Found a shimmering blue altar of Sif Muna.
  3110 | D:3      | Found a runed translucent door.
  3111 | D:3      | Noticed Crazy Yiuf
  3119 | D:3      | Killed Crazy Yiuf
  3122 | D:3      | Reached ** piety under Jiyva
  3124 | D:3      | Killed Natasha
  3458 | D:4      | Learned a level 3 spell: Tukima's Dance
  3602 | D:4      | Reached XP level 7. HP: 19/32 MP: 1/11
  3619 | D:4      | Reached skill level 7 in Hexes
  3718 | D:4      | Reached *** piety under Jiyva
  3794 | D:4      | Found a shadowy altar of Dithmenos.
  4000 | D:5      | Entered Level 5 of the Dungeon
  4000 | D:5      | Noticed Menkaure
  4047 | D:5      | Slain by an ice beast

Illustrated notes

Levels and vault maps discovered:
D:1:      scummos_arrival_forest, layout_rooms,
          hellmonk_ecumenical_altar_lost_god
D:2:      layout_basic, basic_altar, serial_shops, nicolae_shop_crystal
D:3:      layout_loops_corners, grunt_temple_overflow_octagram, kennysheep_nub,
          uniq_natasha, uniq_terence, uniq_grinder, uniq_crazy_yiuf_cottage
D:4:      layout_cave_pools, grunt_dithmenos_smoke_and_mirrors
D:5:      layout_loops_cross, mainiacjoe_overflow_alcove_1,
          trog_ov_bears_minmay, zin_treasury, minmay_crossroads, uniq_menkaure,
          uniq_blork_the_orc

Skill      XL: |  1  2  3  4  5  6  7 |
---------------+----------------------+-----
Hexes          | 4 6 7 |  7.1
Ice Magic      | 1 2 |  2.9
Short Blades   | |  0.8
Dodging        | |  1.6
Stealth        | |  3.9
Spellcasting   | |  2.3

Action                   |  1- 3 |  4- 6 |  7- 9 || total
-------------------------+-------+-------+-------++-------
Melee: Dagger            |   121 |    80 |    28 ||   229
       Bite              |    21 |    25 |     2 ||    48
Throw: Stone             |    14 |       |       ||    14
 Cast: Corona            |     3 |       |       ||     3
       Ensorcelled Hiber |     2 |     5 |       ||     7
       Confusing Touch   |       |     1 |     1 ||     2
  Use: Scroll            |     4 |       |     1 ||     5
 Stab: Sleeping          |     6 |     3 |       ||     9
       Distracted        |       |     1 |       ||     1
Armor: Robe              |    35 |    24 |    12 ||    71
Dodge: Dodged            |    81 |    39 |    11 ||   131
